Map: [ESL] Waterfall

Players

ByuN - Winner!

  • Race: Terran Terran
  • Spawn Location: 7:00

LiquidMaNa (MaNa)

  • Race: Protoss Protoss
  • Spawn Location: 1:00

Event: TSL 9

VOD

Have the link to the VOD?

Description

Time

  • Played on: July 30, 2022, 8:29 a.m.
  • Length: 9:27

All games in this series

Show
View Real Time Build Order
Export as new Build Order

ByuN Terran - Winner!

Build Orders:  

Get SALT Encoding   

  12  0:00  SCV  
  13  0:12  SCV  
  14  0:17  Supply Depot  
  14  0:25  SCV  
  15  0:38  SCV  
  15  0:40  Barracks  
  16  0:43  Refinery  
  16  0:51  SCV  
  16  0:53  Refinery  
  17  1:03  SCV  
  18  1:15  SCV  
  19  1:27  Reaper, Orbital Command  
  19  1:30  Supply Depot  
  20  1:42  Factory  
  20  1:53  SCV  
  21  1:59  Reaper  
  22  2:05  SCV  
  23  2:17  SCV  
  23  2:21  Command Center  
  24  2:28  Hellion  
  24  2:29  SCV  
  27  2:32  Barracks Reactor  
  27  2:42  Supply Depot, SCV  
  28  2:50  Factory Tech Lab  
  28  2:53  Barracks  
  28  2:54  SCV  
  29  3:06  SCV  
  29  3:11  Marine x2  
  33  3:12  Cyclone  
  33  3:18  SCV  
  34  3:28  Marine x2  
  34  3:30  SCV  
  37  3:39  Orbital Command  
  35  3:42  SCV, Barracks Tech Lab  
  35  3:43  Bunker  
  35  3:46  Siege Tank  
  39  3:50  Marine x2  
  40  4:00  SCV  
  40  4:08  Marine x2  
  42  4:12  SCV, Stimpack, Marine  
  44  4:24  Supply Depot, SCV, Barracks  
  43  4:27  Siege Tank  
  43  4:31  Marine x3  
  43  4:35  Orbital Command  
  43  4:36  SCV  
  46  4:39  Orbital Command  
  46  4:48  SCV  
  46  4:50  Marine x3  
  50  4:54  Engineering Bay  
  50  5:00  SCV  
  50  5:05  SCV  
  52  5:10  Marine x3  
  52  5:12  SCV  
  56  5:17  SCV  
  57  5:24  SCV  
  54  5:29  SCV  
  56  5:37  Terran Infantry Weapons Level 1  
  56  5:41  Marine x4  
  56  5:42  Factory Reactor  
  59  5:43  Starport  
  59  5:48  SCV  
  60  5:50  SCV  
  60  5:53  Refinery  
  60  5:55  Supply Depot  
  60  6:00  SCV  
  60  6:02  SCV  
  57  6:09  Marine  
  57  6:10  Marauder x2  
  58  6:12  SCV  
  58  6:14  SCV  
  58  6:17  Supply Depot  
  58  6:18  Concussive Shells  
  60  6:20  Combat Shield  
  60  6:25  SCV  
  61  6:26  SCV  
  61  6:29  Marine x2  
  61  6:30  Factory Reactor  
  61  6:31  Medivac  
  61  6:32  Medivac  
  68  6:36  Marauder  
  68  6:37  SCV  
  68  6:38  SCV  
  68  6:47  Marauder, Marine x2  
  68  6:49  SCV  
  68  6:51  SCV  
  68  6:54  Supply Depot  
  72  6:57  Refinery  
  72  6:58  Marauder  
  72  6:59  Missile Turret  
  75  7:01  Medivac  
  75  7:05  Medivac  
  78  7:08  Marine x2  
  78  7:11  Widow Mine x2  
  84  7:16  Supply Depot  
  84  7:23  Marauder x2  
  87  7:32  Marine x2  
  89  7:40  Command Center  
  86  7:44  Marauder x2  
  86  7:49  Marine x2  
  86  7:51  Widow Mine  
  90  7:58  Medivac  
  92  8:01  Barracks  
  92  8:03  Barracks  
  92  8:04  SCV x2  
  87  8:08  Marauder x2  
  87  8:10  Marine x2  
  91  8:16  SCV x2  
  93  8:23  Supply Depot  
  93  8:28  SCV x2  
  93  8:30  Supply Depot  
  93  8:31  Marauder x2  
  93  8:32  Marine x2  
  99  8:41  Medivac x2  
  95  8:43  SCV  
  95  8:44  SCV  
  98  8:50  Barracks Reactor, Barracks Tech Lab  
  98  8:52  Widow Mine  
  98  8:53  Widow Mine  
  102  8:56  SCV x2  
  102  9:02  Marauder x2, Marine  
  109  9:08  SCV x2  
Show
View Real Time Build Order
Export as new Build Order

LiquidMaNa Protoss 

Build Orders: 1 Gate Expand, Mass Adepts 

Get SALT Encoding   

  12  0:00  Probe  
  13  0:12  Probe  
  14  0:17  Pylon  
  14  0:24  Probe  
  15  0:36  Probe  
  15  0:37  Gateway  
  16  0:49  Probe  
  18  1:07  Nexus  
  17  1:14  Assimilator  
  17  1:15  Probe  
  18  1:25  Cybernetics Core  
  18  1:29  Probe  
  19  1:36  Pylon  
  19  1:41  Probe  
  20  1:53  Probe  
  21  1:56  Gateway  
  21  1:59  Adept (Chrono Boost)  
  21  2:00  Warp Gate (Chrono Boost)  
  23  2:09  Probe  
  24  2:20  Probe  
  24  2:22  Adept, Probe  
  28  2:32  Probe  
  28  2:35  Probe  
  30  2:42  Gateway  
  30  2:44  Probe  
  30  2:45  Adept  
  30  2:50  Probe  
  34  2:53  Adept  
  36  2:59  Assimilator  
  36  3:01  Probe  
  36  3:02  Probe  
  36  3:13  Probe  
  36  3:14  Probe  
  36  3:16  Pylon  
  37  3:27  Probe x2  
  37  3:39  Stalker x3  
  37  3:40  Probe (Chrono Boost)  
  37  3:41  Probe (Chrono Boost)  
  44  3:51  Probe (Chrono Boost)  
  43  4:04  Adept, Stalker x2  
  43  4:08  Probe x2  
  51  4:20  Probe  
  51  4:22  Probe  
  51  4:30  Adept x3  
  53  4:32  Probe  
  53  4:36  Pylon  
  53  4:37  Twilight Council  
  54  4:42  Pylon  
  54  4:44  Pylon  
  54  4:45  Assimilator  
  54  4:54  Adept x3  
  54  4:57  Pylon  
  54  4:59  Probe  
  61  5:01  Probe  
  62  5:11  Probe  
  57  5:22  Stalker x3  
  57  5:23  Probe  
  52  5:29  Probe  
  49  5:35  Probe  
  50  5:43  Probe  
  50  5:45  Stalker x2  
  50  5:46  Stalker  
  50  5:47  Probe  
  50  5:49  Shield Battery x2  
  50  6:09  Blink (Chrono Boost)  
  50  6:10  Probe x2  
  50  6:11  Stalker x3  
  54  6:16  Assimilator  
  54  6:20  Gateway  
  54  6:21  Gateway  
  54  6:34  Gateway  
  52  6:45  Stalker x2  
  52  6:46  Probe x2  
  56  6:50  Pylon  
  54  7:00  Nexus  
  54  7:02  Pylon  
  54  7:08  Robotics Facility, Stalker x2  
  58  7:16  Stalker x2  
  58  7:17  Probe x2  
  58  7:18  Pylon  
  64  7:25  Stalker x2  
  68  7:30  Pylon  
  68  7:32  Stalker  
  66  7:45  Probe  
  66  7:48  Stalker x4  
  69  8:05  Stalker  
  65  8:12  Stalker x4  
  62  8:28  Stalker  
  62  8:31  Stalker x2  
  62  8:40  Immortal (Chrono Boost)  
  54  8:43  Pylon  
  54  8:44  Pylon  
  54  8:45  Shield Battery  
  58  8:56  Stalker x2  
  62  9:03  Probe x2  
  62  9:04  Probe  
  62  9:06  Stalker  
  62  9:09  Stalker  
Tags
 
Composition
Mass Adepts
Event
TSL 9
Matchup
PvT
Player
ByuNMaNa
Spawn Locations
Cross Positions
Add a new tag
Caveats
  • Supply blocks, unpowered buildings, or Contaminate may cause inaccurate times.
  • Supply counts are checked every 10 seconds.